 Dungeon Crawl Stone Soup version 0.21-a0-630-g344d351 (webtiles) character file.

286 tidbits the Digger (level 6, 0/44 HPs)
             Began as a Gnoll Earth Elementalist on Dec 26, 2017.
             Slain by an ice beast (6 damage)
             ... on level 5 of the Dungeon.
             The game lasted 00:06:48 (886 turns).

tidbits the Digger (Gnoll Earth Elementalist)        Turns: 886, Time: 00:06:49

Health: 0/44       AC:  6    Str: 13    XL:     6   Next: 30%
Magic:  13/14      EV: 15    Int: 19    God:
Gold:   121        SH:  0    Dex: 19    Spells: 8/15 levels left

rFire    . . .     SeeInvis .   q - +1 hand axe of Fortitude {protect, *Slow rPois Str+3 Dex+3} (curse)
rCold    . . .     Gourm    .   (no shield)
rNeg     . . .     Faith    .   c - +0 robe
rPois    +         Spirit   .   E - +0 helmet
rElec    .         Reflect  .   C - +2 cloak
rCorr    .         Harm     .   (no gloves)
MR       .....                  (no boots)
Stlth    +++.......             (no amulet)
HPRegen  0.14/turn              (no ring)
MPRegen  0.14/turn              (no ring)

@: no status effects
A: distributed training, fangs 1, strong nose
a: no special abilities


You were on level 5 of the Dungeon.
You were not hungry.

You visited 1 branch of the dungeon, and saw 5 of its levels.

You collected 121 gold pieces.

Inventory:

Hand Weapons
 a - a +0 dagger
 j - a +1 mace of draining
   (You found it on level 1 of the Dungeon)
 q - the cursed +1 hand axe of Fortitude (weapon) {protect, *Slow rPois Str+3 Dex+3}
   (You found it on level 4 of the Dungeon)

   It protects the one who uses it against injury (+AC on strike).
   It affects your strength (+3).
   It affects your dexterity (+3).
   It protects you from poison.
   It may slow you when you take damage.
   It has a curse placed upon it.
Missiles
 b - 58 stones (quivered)
 f - 2 needles of paralysis
 g - 3 tomahawks
Armour
 c - a +0 robe (worn)
 C - a +2 cloak (worn)
 E - a +0 helmet (worn)
Jewellery
 n - an uncursed ring of fire
   (You found it on level 2 of the Dungeon)
Scrolls
 m - a scroll of enchant weapon
Potions
 h - a potion of curing
 k - a potion of haste {unknown}
 l - a potion of cancellation {unknown}
Books
 e - a book of Geomancy

   Spells                             Type                      Level
   a - Sandblast                      Earth                        1
   b - Passwall                       Transmutation/Earth          2
   c - Stone Arrow                    Conjuration/Earth            3
   d - Petrify                        Transmutation/Earth          4
   e - Lee's Rapid Deconstruction     Earth                        5
Comestibles
 d - 7 rations


   Skills:
 + Level 1.8 Fighting
 + Level 1.8 Short Blades
 + Level 1.8 Long Blades
 + Level 1.8 Axes
 + Level 1.8 Maces & Flails
 + Level 1.8 Polearms
 + Level 1.8 Staves
 + Level 1.8 Slings
 + Level 1.8 Bows
 + Level 1.8 Crossbows
 + Level 1.8 Throwing
 + Level 1.8 Armour
 + Level 4.9 Dodging
 + Level 4.5 Stealth
 + Level 1.8 Shields
 + Level 1.8 Unarmed Combat
 + Level 5.3 Spellcasting
 + Level 1.4 Conjurations
 + Level 1.4 Hexes
 + Level 1.4 Charms
 + Level 1.4 Summonings
 + Level 1.4 Necromancy
 + Level 1.4 Translocations
 + Level 2.6 Transmutations
 + Level 1.4 Fire Magic
 + Level 1.4 Ice Magic
 + Level 1.4 Air Magic
 + Level 5.6 Earth Magic
 + Level 1.4 Poison Magic
 + Level 2.0 Invocations
 + Level 1.8 Evocations


You had 8 spell levels left.
You knew the following spells:

 Your Spells              Type           Power        Failure   Level  Hunger
a - Sandblast             Erth           ####..       1%          1    None
e - Petrify               Tmut/Erth      ###.....     22%         4    ####...
p - Passwall              Tmut/Erth      ###.......   3%          2    None


Dungeon Overview and Level Annotations

Branches:
Dungeon (5/15)
 Temple: D:4-7

Altars:
Qazlal

Annotations:
D:5 Duvessa


Innate Abilities, Weirdness & Mutations

Your experience applies equally to all skills.
You have very sharp teeth.
Your uncanny sense of smell can sniff out nearby items.


Message History

Adjust to which letter? e - Petrify
Found a stone staircase leading down.
You open the door.
An ice beast and a centaur come into view.
Found a scroll of identify and 12 gold pieces.
Casting: Sandblast
Confirm with . or Enter, or press ? or * to list all spells.
Aiming: Sandblast
Press: ? - help, Shift-Dir - straight line, f - centaur
Aim: a centaur (resting)
The blast of sand hits the centaur.
The centaur is moderately wounded.
b - 65 stones The centaur wields a shortbow.
The centaur shoots an arrow.
The arrow completely misses you.
Casting: Sandblast
Confirm with . or Enter, or press ? or * to list all spells.
Aiming: Sandblast
Press: ? - help, Shift-Dir - straight line, f/p - centaur
Aim: a centaur, wielding a shortbow (moderately wounded)
The blast of sand hits the centaur.
The centaur is severely wounded.
b - 64 stones The centaur shoots an arrow.
The arrow completely misses you.
Casting: Sandblast
Confirm with . or Enter, or press ? or * to list all spells.
Aiming: Sandblast
Press: ? - help, Shift-Dir - straight line, f/p - centaur
Aim: a centaur, wielding a shortbow (severely wounded)
The blast of sand hits the centaur.
You kill the centaur!
Your Invocations skill increases to level 2!
You have reached level 6!
Your experience leads to an increase in your attributes!
Your base attributes are Str 10, Int 18, Dex 16.
Increase (S)trength, (I)ntelligence, or (D)exterity?
You feel clever.
b - 63 stones You hit the ice beast.
Your weapon exudes an aura of protection.
The ice beast is moderately wounded.
The ice beast hits you but does no damage.
Casting: Sandblast
Confirm with . or Enter, or press ? or * to list all spells.
Aiming: Sandblast
Press: ? - help, Shift-Dir - straight line, f - ice beast
Aim: an ice beast (moderately wounded)
The blast of sand hits the ice beast.
The ice beast is moderately wounded.
b - 62 stones The ice beast hits you but does no damage.
Casting: Sandblast
Confirm with . or Enter, or press ? or * to list all spells.
Aiming: Sandblast
Press: ? - help, Shift-Dir - straight line, f/p - ice beast
Aim: an ice beast (moderately wounded)
The blast of sand hits the ice beast.
The ice beast is heavily wounded.
b - 61 stones The ice beast hits you.
* * * LOW HITPOINT WARNING * * *
The ice beast freezes you!
* * * LOW HITPOINT WARNING * * *
Casting: Sandblast
Confirm with . or Enter, or press ? or * to list all spells.
Aiming: Sandblast
Press: ? - help, Shift-Dir - straight line, f/p - ice beast
Aim: an ice beast (heavily wounded)
The blast of sand hits the ice beast.
The ice beast is heavily wounded.
b - 60 stones The ice beast misses you.
Casting: Sandblast
Confirm with . or Enter, or press ? or * to list all spells.
Aiming: Sandblast
Press: ? - help, Shift-Dir - straight line, f/p - ice beast
Aim: an ice beast (heavily wounded)
The blast of sand hits the ice beast.
The ice beast is heavily wounded.
b - 59 stones The ice beast hits you but does no damage.
It was a potion of curing.
You feel better. The ice beast hits you.
* * * LOW HITPOINT WARNING * * *
The ice beast freezes you!
* * * LOW HITPOINT WARNING * * *
It was a potion of magic.
Magic courses through your body.
The ice beast hits you but does no damage.
Casting: Sandblast
Confirm with . or Enter, or press ? or * to list all spells.
Aiming: Sandblast
Press: ? - help, Shift-Dir - straight line, f/p - ice beast
Aim: an ice beast (heavily wounded)
The blast of sand hits the ice beast.
The ice beast is severely wounded.
b - 58 stones The ice beast hits you.
* * * LOW HITPOINT WARNING * * *
The ice beast freezes you.
You die...

*******##** *,,,,,,∆..*
*,,,,,,,,.########
*,,,,,,,,,......$*
*,,,,,,,,,,.?..),###**********
*,,,,,,,,,,,...,>..,,,,,,,,,,,
*,,,,,,,,,**#Y##.#************
*,,,>,,,,,* #@...# ########
*,,,,,,,,,###....# #.......
**********#...#.##### #.......
#.#.#.#,..# #.......
#...#.###.# #.......
#...#.#...# #.......
#######...#.#.#.# #.......
#.)....(........###.##+###
#........##.####....#*.#


You could see an ice beast.

Vanquished Creatures
  A centaur (D:5)
  A scorpion (D:4)
  A bullfrog skeleton (D:4)
  2 worker ants
  Robin (D:4)
  An adder (D:2)
  3 worms
  3 dart slugs (D:1)
  3 leopard geckos (D:1)
  2 orcs (D:4)
  A ball python (D:4)
  A bat (D:1)
  2 giant cockroaches
  10 goblins
  8 hobgoblins
  2 kobolds
  2 frilled lizards (D:1)
  A jackal skeleton (D:4)
  5 rats
50 creatures vanquished.

Vanquished Creatures (others)
  The ghost of Dustman the Slasher, an amateur HuGl (D:4)
1 creature vanquished.

Grand Total: 51 creatures vanquished

Notes
Turn   | Place    | Note
-------+----------+-------------------------------------------
     0 | D:1      | tidbits the Gnoll Earth Elementalist began the quest for the Orb.
     0 | D:1      | Reached XP level 1. HP: 13/13 MP: 6/6
    89 | D:1      | Reached skill level 2 in Transmutations
    92 | D:1      | Reached XP level 2. HP: 19/19 MP: 1/7
   247 | D:1      | Reached XP level 3. HP: 25/25 MP: 6/9
   272 | D:1      | Reached skill level 5 in Spellcasting
   309 | D:1      | Learned a level 2 spell: Passwall
   396 | D:2      | Reached skill level 1 in Invocations
   485 | D:4      | Killed Dustman's ghost
   508 | D:4      | Reached skill level 1 in Fighting
   508 | D:4      | Reached skill level 1 in Short Blades
   508 | D:4      | Reached skill level 1 in Long Blades
   508 | D:4      | Reached skill level 1 in Axes
   508 | D:4      | Reached skill level 1 in Maces & Flails
   508 | D:4      | Reached skill level 1 in Polearms
   508 | D:4      | Reached skill level 1 in Staves
   508 | D:4      | Reached skill level 1 in Slings
   508 | D:4      | Reached skill level 1 in Bows
   508 | D:4      | Reached skill level 1 in Crossbows
   508 | D:4      | Reached skill level 1 in Throwing
   508 | D:4      | Reached skill level 1 in Armour
   508 | D:4      | Reached skill level 1 in Shields
   508 | D:4      | Reached skill level 1 in Unarmed Combat
   508 | D:4      | Reached skill level 1 in Evocations
   508 | D:4      | Reached XP level 4. HP: 32/32 MP: 1/11
   548 | D:4      | Got a transparent hand axe
   574 | D:4      | Identified the cursed +1 hand axe of Fortitude {protect, *Slow rPois Str+3 Dex+3} (You found it on level 4 of the Dungeon)
   587 | D:4      | Reached skill level 1 in Conjurations
   587 | D:4      | Reached skill level 1 in Hexes
   587 | D:4      | Reached skill level 1 in Charms
   587 | D:4      | Reached skill level 1 in Summonings
   587 | D:4      | Reached skill level 1 in Necromancy
   587 | D:4      | Reached skill level 1 in Translocations
   587 | D:4      | Reached skill level 1 in Fire Magic
   587 | D:4      | Reached skill level 1 in Ice Magic
   587 | D:4      | Reached skill level 1 in Air Magic
   587 | D:4      | Reached skill level 1 in Poison Magic
   604 | D:4      | Reached XP level 5. HP: 37/37 MP: 1/12
   716 | D:4      | Found a stormy altar of Qazlal.
   770 | D:4      | Noticed Robin
   784 | D:4      | Killed Robin
   810 | D:5      | Entered Level 5 of the Dungeon
   855 | D:5      | Noticed Duvessa
   862 | D:5      | Learned a level 4 spell: Petrify
   875 | D:5      | Noticed a centaur
   875 | D:5      | Noticed an ice beast
   878 | D:5      | Killed a centaur
   878 | D:5      | Reached skill level 2 in Invocations
   878 | D:5      | Reached XP level 6. HP: 18/44 MP: 10/14
   886 | D:5      | Slain by an ice beast

Vault maps used:
D:1:      giann_forest_graveyard
D:2:      lemuel_round_altar
D:4:      first_ration, nicolae_qazlal_eye_of_the_storm, uniq_robin
D:5:      minitemple, uniq_duvessa

Skill      XL: |  1  2  3  4  5 |
---------------+----------------+-----
Transmutations | 2 |  2.6
Spellcasting   | 5 |  5.3
Invocations    | 1 2 |  2.0
Fighting       | 1 |  1.8
Short Blades   | 1 |  1.8
Long Blades    | 1 |  1.8
Axes           | 1 |  1.8
Maces & Flails | 1 |  1.8
Polearms       | 1 |  1.8
Staves         | 1 |  1.8
Slings         | 1 |  1.8
Bows           | 1 |  1.8
Crossbows      | 1 |  1.8
Throwing       | 1 |  1.8
Armour         | 1 |  1.8
Shields        | 1 |  1.8
Unarmed Combat | 1 |  1.8
Evocations     | 1 |  1.8
Conjurations   | 1 |  1.4
Hexes          | 1 |  1.4
Charms         | 1 |  1.4
Summonings     | 1 |  1.4
Necromancy     | 1 |  1.4
Translocations | 1 |  1.4
Fire Magic     | 1 |  1.4
Ice Magic      | 1 |  1.4
Air Magic      | 1 |  1.4
Poison Magic   | 1 |  1.4
Dodging        | |  4.9
Stealth        | |  4.5
Earth Magic    | |  5.6

Action                   |  1- 3 |  4- 6 || total
-------------------------+-------+-------++-------
Melee: Dagger            |     7 |     2 ||     9
       Hand axe          |       |    22 ||    22
 Cast: Sandblast         |    30 |    24 ||    54
       Passwall          |     3 |     4 ||     7
  Use: Scroll            |       |     7 ||     7
       Potion            |       |     2 ||     2
 Stab: Sleeping          |     6 |     3 ||     9
Armor: Robe              |     1 |    23 ||    24
Dodge: Dodged            |    10 |    34 ||    44

Table legend:
 A = Spawn XP
 B = Non-spawn XP
 C = Spawn XP percentage of total XP
 D = Spawn monster count
 E = Non-spawn monster count
 F = Spawn count percentage of total count
 G = Total turns spent on level
                    A         B        C        D         E        F      G
               +---------+---------+-------+---------+---------+-------+---------
         Total |       0 |     409 |   0.0 |       0 |      50 |   0.0 |   886
               +---------+---------+-------+---------+---------+-------+---------
           D:1 |       0 |      43 |   0.0 |       0 |      20 |   0.0 |   339
           D:2 |       0 |      15 |   0.0 |       0 |       2 |   0.0 |    78
           D:3 |       0 |      13 |   0.0 |       0 |       4 |   0.0 |    61
           D:4 |       0 |     189 |   0.0 |       0 |      21 |   0.0 |   332
           D:5 |       0 |     149 |   0.0 |       0 |       3 |   0.0 |    76
               +---------+---------+-------+---------+---------+-------+---------

Table legend:
 A = Turns spent in this place as a percentage of turns spent in the entire game.
 B = Non-inter-level travel turns spent in this place as a percentage of non-inter-level travel turns spent in the entire game.
 C = Inter-level travel turns spent in this place as a percentage of turns spent in this place.
 D = Turns resting spent in this place as a percentage of non-inter-level travel turns spent in this place.
 E = Turns spent auto-exploring this place as a percentage of non-inter-level travel turns spent in this place.
 F = Non-inter-level travel turns spent in this place divided by the number of levels of this place that you've seen.
                   A       B       C       D       E      F
               +-------+-------+-------+-------+-------+----------------------
         Total | 100.0 | 100.0 |  11.5 |   0.0 |   0.0 | 156.8
       Dungeon | 100.0 | 100.0 |  11.5 |   0.0 |   0.0 | 156.8
               +-------+-------+-------+-------+-------+----------------------

Table legend:
 A = Kills in this place as a percentage of kills in entire the game.
 B = Kills by you in this place as a percentage of kills by you in the entire game.
 C = Kills by friends in this place as a percentage of kills by friends in the entire game.
 D = Other kills in this place as a percentage of other kills in the entire game.
 E = Experience gained in this place as a percentage of experience gained in the entire game.
 F = Experience gained in this place divided by the number of levels of this place that you have seen.
                   A       B       C       D       E      F
               +-------+-------+-------+-------+-------+----------------------
         Total | 100.0 | 100.0 |   N/A |   N/A | 100.0 |  81.8
       Dungeon | 100.0 | 100.0 |   N/A |   N/A | 100.0 |  81.8
               +-------+-------+-------+-------+-------+----------------------

Vault maps used:
D:1:      giann_forest_graveyard
D:2:      lemuel_round_altar
D:4:      first_ration, nicolae_qazlal_eye_of_the_storm, uniq_robin
D:5:      minitemple, uniq_duvessa
